 Dungeon Crawl Stone Soup version 0.26-a0-466-g989023bd0d (webtiles) character file.

Game seed: 17414477058128556275

277 Lanoc the Sneak (level 6, -3/43 HPs)
             Began as an Octopode Delver on Aug 3, 2020.
             Slain by a phantom (5 damage)
             ... on level 4 of the Dungeon.
             The game lasted 00:04:09 (1475 turns).

Lanoc the Sneak (Octopode Delver)                   Turns: 1475, Time: 00:04:10

Health: -3/43      AC:  1    Str: 11    XL:     6   Next: 26%
Magic:  6/6        EV: 15    Int: 13    God:
Gold:   27         SH:  0    Dex: 15    Spells: 5/5 levels left

rFire    . . .     SeeInvis .   a - +0 falchion
rCold    . . .     Faith    .   (no shield)
rNeg     . . .     Spirit   .   (helmet restricted)
rPois    .         Reflect  .   (no amulet)
rElec    .         Harm     .   (no ring)
rCorr    .                      (no ring)
MR       .....                  (no ring)
Stlth    ++++......             (no ring)
HPRegen  0.14/turn              (no ring)
MPRegen  0.10/turn              (no ring)
                                (no ring)
                                (no ring)

@: very slightly contaminated, invisible
A: almost no armour, stealthy swim, amphibious, 8 rings, constrict 8, camouflage
1, gelatinous body 1
a: no special abilities


You were on level 4 of the Dungeon.
You visited 1 branch of the dungeon, and saw 2 of its levels.
You also visited: Ossuary.

You collected 27 gold pieces.

Inventory:

Hand Weapons
 a - a +0 falchion (weapon)
Wands
 f - a wand of digging (3)
Scrolls
 b - a scroll of fog
 d - a scroll of fear
 h - a scroll of amnesia {unknown}
 k - a scroll of identify {unknown}
 l - a scroll of remove curse {unknown}
 m - a scroll of teleportation {unknown}
Potions
 c - a potion of invisibility
 e - a potion of haste
 g - a potion of resistance {unknown}
 i - a potion of berserk rage {unknown}
 j - a potion of heal wounds


   Skills:
 + Level 4.3 Fighting
 * Level 4.7 Long Blades
 + Level 3.5 Dodging
 - Level 6.6 Stealth


You had 5 spell levels left.
You didn't know any spells.
Your spell library was empty.

Dungeon Overview and Level Annotations

Branches:
Dungeon (5/15)            Ossuary (visited)
 Temple: D:4-7

Altars:
Xom


Innate Abilities, Weirdness & Mutations

You cannot wear most types of armour.
You are very stealthy in the water. (Stealth+)
You are amphibious.
You can wear up to eight rings at the same time.
You can use your tentacles to constrict eight enemies at once.
Your skin changes colour to match your surroundings (Stealth+).
Your rubbery body absorbs attacks. (AC +1, EV +1)


Message History

You hit the phantom.
The phantom is severely damaged.
The phantom hits you.
You hit the phantom but do no damage.
The phantom is severely damaged.
The phantom hits you!
* * * LOW HITPOINT WARNING * * *
It was a potion of invisibility.
You fade into invisibility!
The phantom closely misses you.
You riposte.
You catch the helpless phantom completely off-guard!
You hit the phantom.
The phantom is severely damaged.
You are very lightly contaminated with residual magic.
You hit the phantom but do no damage.
The phantom is severely damaged.
The phantom hits you.
* * * LOW HITPOINT WARNING * * *
The phantom hits you.
You die...

*.,,,#..... *****
*****#.**##.##. *,,,**
**,,.##.####.##. *,,,,*
*,,,.$.......... #.,,,*
#####,,,...(......[.
#..,,*##$..#,,,............
#...###....##########...###
#.........W...)...,*#...#*#
#....#....@.......,,#.....#
#..,,#............,,#.....#
#,,,,#.........$..,,#.....#
*****##..#####+###**#..####
###..#**,,,,,***#######
#....#,,,,,,,*,,,,,#...
#....#,,,,,,,*,,,,,#...
#....#,,,,,,,*,,,,,#...
#....#,,,....*,,,,,#...


You could see a phantom.

Vanquished Creatures
  A bullfrog skeleton (D:4)
  9 big kobold zombies (Ossuary)
  A mummy (Ossuary)
  3 adders (D:4)
  A leopard gecko (D:4)
  An orc (D:4)
  4 spectral bats (Ossuary)
  A giant cockroach (D:4)
  3 bat simulacra (Ossuary)
  4 gnoll zombies
  3 goblin simulacra (Ossuary)
  2 goblin zombies (Ossuary)
  8 hobgoblin zombies (Ossuary)
  6 kobold simulacra (Ossuary)
  6 kobold zombies
  3 orc zombies (Ossuary)
  A rat simulacrum (Ossuary)
  3 spectral goblins (Ossuary)
  2 spectral kobolds (Ossuary)
  4 spectral rats (Ossuary)
66 creatures vanquished.

Notes
Turn   | Place    | Note
-------+----------+-------------------------------------------
     0 | D:5      | Lanoc the Octopode Delver began the quest for the Orb.
     0 | D:5      | Reached XP level 1. HP: 16/16 MP: 1/1
   132 | D:5      | Noticed an ogre
   143 | D:4      | Reached XP level 2. HP: 21/21 MP: 2/2
   190 | D:4      | Reached XP level 3. HP: 18/26 MP: 3/3
   228 | D:4      | Reached XP level 4. HP: 22/31 MP: 4/4
   242 | D:4      | Found a shimmering altar of Xom.
   247 | D:4      | Noticed a phantom
   260 | D:4      | Found a sand-covered staircase.
   273 | Ossuary  | Entered an ossuary
   801 | Ossuary  | Reached XP level 5. HP: 35/37 MP: 5/5
   998 | Ossuary  | Reached XP level 6. HP: 11/43 MP: 6/6
  1475 | D:4      | HP: 2/43 [phantom (6)]
  1475 | D:4      | Slain by a phantom

Illustrated notes

Levels and vault maps discovered:
D:4:      layout_gridville, kennysheep_mini, enter_ossuary_3
D:5:      layout_gridville, minivault_5

Skill      XL: |  1  2  3  4  5 |
---------------+----------------+-----
Long Blades    | 3 4 |  4.7
Dodging        | 3 |  3.5
Fighting       | 4 |  4.3
Stealth        | |  6.6

Action                   |  1- 3 |  4- 6 || total
-------------------------+-------+-------++-------
Melee: Falchion          |    16 |   158 ||   174
       Constrict         |     5 |    33 ||    38
       Tentacles         |     2 |    46 ||    48
  Use: Scroll            |     1 |       ||     1
       Potion            |     1 |     1 ||     2
 Stab: Sleeping          |     2 |    12 ||    14
       Invisible         |       |     1 ||     1
Armor: Skin              |     1 |    11 ||    12
Dodge: Dodged            |    15 |    87 ||   102
       Rpst.: Falchion   |     6 |    30 ||    36

Table legend: (Time is in decaauts)
 A = Elapsed time spent in this place.
 B = Non-inter-level travel time spent in this place.
 C = Inter-level travel time spent in this place.
 D = Time resting spent in this place.
 E = Time spent auto-exploring this place.
 F = Levels seen in this place.
 G = Mean time per level.
                   A        B        C        D        E       F      G
               +--------+--------+--------+--------+--------+-----+--------+
         Total |   1497 |   1497 |      0 |    766 |    131 |   3 |  499.0 |
       Dungeon |    302 |    302 |      0 |      0 |    131 |   2 |  151.0 |
       Ossuary |   1194 |   1194 |      0 |    766 |      0 |   1 | 1194.0 |
               +--------+--------+--------+--------+--------+-----+--------+

Top non-repeatable levels by time:
 Ossuary: 1194 daAuts
     D:4: 165 daAuts
     D:5: 137 daAuts
